 Dungeon Crawl Stone Soup version 0.32-a0-898-g7811c86cf0 (webtiles) character file.

Game seed: 14736200642629691457

188 KennySheep the Sneak (level 6, -1/73 HPs)
             Began as a Formicid Delver on Apr 5, 2024.
             Succumbed to a scorpion's poison
             ... on level 5 of the Dungeon.
             The game lasted 00:01:39 (802 turns).

KennySheep the Sneak (Formicid Delver)               Turns: 802, Time: 00:01:40

Health: -1/73      AC: 27    Str: 18    XL:     6   Next: 0%
Magic:  6/6        EV:  2    Int: 10    God:
Gold:   61         SH:  0    Dex: 15    Spells: 5/5 levels left

rFire   . . .        a - +0 mace
rCold   . . .        (no shield)
rNeg    . . .        b - melded +0 leather armour
rPois   +            (helmet unavailable)
rElec   .            (cloak currently unavailable)
rCorr   .            (gloves currently unavailable)
SInv    .            (boots currently unavailable)
Will    .....        (no amulet)
Stlth   +++          g - +4 ring of protection
HPRegen 0.32/turn    (no ring)
MPRegen 0.10/turn

%: no passive effects
@: lethally poisoned (-1 -> -11), tree-form
A: stationary, stasis, torment immunity, boosted hp, permanent stasis, dig
shafts and tunnels, (antennae 3), four strong arms
a: no special abilities


You were on level 5 of the Dungeon.
You were a tree.
You visited 1 branch of the dungeon, and saw 1 of its levels.

You collected 61 gold pieces.

Inventory:

Hand Weapons
 a - a +0 mace (weapon)
Armour
 b - a +0 leather armour (melded)
Jewellery
 g - a +4 ring of protection (left branch)
 i - a +6 ring of intelligence
Wands
 f - a wand of digging (3)
Scrolls
 c - 2 scrolls of fog
 d - 2 scrolls of revelation
 e - a scroll of fear
 h - 2 scrolls of poison {unknown}
 l - a scroll of identify {unknown}
 m - a scroll of torment {unknown}
Potions
 j - a potion of brilliance {unknown}


   Skills:
 + Level 4.4 Fighting
 * Level 4.2 Maces & Flails
 + Level 0.0 Armour
 - Level 1.7 Dodging
 + Level 7.0 Stealth


You had 5 spell levels left.
You didn't know any spells.
Your spell library was empty.

Dungeon Overview and Level Annotations

Branches:
Dungeon (5/15)
 Temple: D:4-7

Altars:


Innate Abilities, Weirdness & Mutations

You are a tree.
Your roots penetrate the ground, keeping you stationary.
You cannot be teleported.
You are immune to unholy pain and torment.
Your maximum health is greatly increased.
Your equipment is partially melded.
You cannot be hasted, slowed, berserked, paralysed or teleported.
You can dig through walls and to a lower floor.
((You have a pair of large antennae on your head. (SInv)))
Your four strong arms can wield two-handed weapons with a shield.


Message History

You are no longer poisoned.
The scorpion stings you.
You are poisoned.
The scorpion poisons you! The scorpion stings you.
You closely miss the scorpion.
The scorpion is heavily wounded.
You feel very sick. The scorpion closely misses you.
You hit the scorpion but do no damage.
The scorpion is moderately wounded.
You feel sick. The scorpion barely misses you. x2
You closely miss the scorpion.
The scorpion is moderately wounded.
You feel sick.
The scorpion stings you but does no damage.
You sock the scorpion!
The scorpion is severely wounded.
You feel sick. The scorpion closely misses you.
Okay, then.
You closely miss the scorpion.
The scorpion is severely wounded.
You feel sick.
The scorpion stings you but does no damage.
The scorpion stings you.
* * * LOW HITPOINT WARNING * * *
You barely miss the scorpion.
The scorpion is severely wounded.
You feel sick. The scorpion stings you.
* * * LOW HITPOINT WARNING * * *
You are lethally poisoned!
The scorpion poisons you!
You hit the scorpion.
The scorpion is almost dead.
* * * LOW HITPOINT WARNING * * *
You feel very sick. The scorpion closely misses you. The scorpion misses you.
It was a potion of lignification.
You turn into a tree.
Your +0 leather armour melds into your body.
Your roots penetrate the ground.
You die...

###..#.###....##..
#.............##..
#.#..#.###....##..
#.#....####....#..
#.#...........#...
#.#..#........##..
#.#...........####
#.#...............
#♣#.##.##...#.#.##
#.s.....##...#.#..#
#..#.##.#....#.....
#..#.##(##...###..#
#..# ........###..#
.... .............)
#..# ##.##.#####..#
#..# #.##. #..# #
#.#####..#


You could see a scorpion.

Vanquished Creatures
  A scorpion (D:5)
  A bombardier beetle (D:5)
  A hound (D:5)
  2 iguanas (D:5)
  2 ufetubi (D:5)
  A ribbon worm (D:5)
  A quokka (D:5)
9 creatures vanquished.

Notes
Turn   | Place    | Note
-------+----------+-------------------------------------------
     0 | D:5      | KennySheep the Formicid Delver began the quest for the Orb.
     0 | D:5      | Reached XP level 1. HP: 18/18 MP: 1/1
   245 | D:5      | Reached XP level 2. HP: 20/24 MP: 2/2
   311 | D:5      | Reached XP level 3. HP: 28/30 MP: 3/3
   356 | D:5      | Reached XP level 4. HP: 29/37 MP: 4/4
   480 | D:5      | Noticed a scorpion
   493 | D:5      | Killed a scorpion
   494 | D:5      | Reached XP level 5. HP: 27/42 MP: 5/5
   705 | D:5      | Reached skill level 7 in Stealth
   705 | D:5      | Reached XP level 6. HP: 31/49 MP: 6/6
   801 | D:5      | HP: 1/49 [poisoned by a scorpion]
   802 | D:5      | Succumbed to a scorpion's poison

Illustrated notes

Levels and vault maps discovered:
D:5:      layout_basic, kennysheep_generic_room_13

Skill      XL: |  1  2  3  4  5 |
---------------+----------------+-----
Maces & Flails | 3 4 |  4.2
Fighting       | 4 |  4.4
Stealth        | 7 |  7.0
Dodging        | |  1.7

Action                     |  1- 3 |  4- 6 || total
---------------------------+-------+-------++-------
  Melee: Mace              |    25 |    46 ||    71
    Use: Potion            |       |     1 ||     1
   Stab: Sleeping          |     3 |     3 ||     6
 Armour: Leather armour    |    20 |    27 ||    47
  Dodge: Dodged            |    44 |    31 ||    75

Table legend: (Time is in decaauts)
 A = Elapsed time spent in this place.
 B = Non-inter-level travel time spent in this place.
 C = Inter-level travel time spent in this place.
 D = Time resting spent in this place.
 E = Time spent auto-exploring this place.
 F = Levels seen in this place.
 G = Mean time per level.
                   A        B        C        D        E       F      G
               +--------+--------+--------+--------+--------+-----+--------+
         Total |    817 |    817 |      0 |      0 |    661 |   1 |  817.0 |
       Dungeon |    817 |    817 |      0 |      0 |    661 |   1 |  817.0 |
               +--------+--------+--------+--------+--------+-----+--------+

Top non-repeatable levels by time:
     D:5: 817 daAuts
